 Dungeon Crawl Stone Soup version 0.23-a0-577-g2b1de94 (webtiles) character file.

169 MisterFreud the Skirmisher (level 5, 0/52 HPs)
             Began as a Minotaur Abyssal Knight on Dec 15, 2018.
             Was a Believer of Lugonu.
             Shot with an arrow by a centaur (13 damage)
             ... on level 6 of the Dungeon.
             The game lasted 00:04:10 (2109 turns).

MisterFreud the Skirmisher (MiAK)                   Turns: 2109, Time: 00:04:10

Health: 0/52       AC: 11    Str: 18    XL:     5   Next: 25%
Magic:  5/5        EV: 20    Int:  9    God:    Lugonu [**....]
Gold:   166        SH:  0    Dex:  9    Spells: 4/4 levels left

rFire    . . .     SeeInvis .   a - +1 falchion
rCold    . . .     Gourm    .   (no shield)
rNeg     . . .     Faith    .   h - +0 plate armour
rPois    .         Spirit   .   (helmet restricted)
rElec    .         Reflect  .   (no cloak)
rCorr    .         Harm     .   (no gloves)
MR       .....                  (no boots)
Stlth    ..........             m - amulet of the acrobat
HPRegen  0.17/turn              (no ring)
MPRegen  0.09/turn              (no ring)

@: no status effects
A: retaliatory headbutt, horns 2
a: Depart the Abyss, Bend Space, Renounce Religion


You were on level 6 of the Dungeon.
You worshipped Lugonu.
Lugonu was pleased with you.
You were not hungry.

You visited 1 branch of the dungeon, and saw 4 of its levels.
You visited the Abyss 1 time.

You collected 166 gold pieces.

Inventory:

Hand Weapons
 a - a +1 falchion (weapon)
 p - a +0 quarterstaff
Missiles
 e - 46 stones (quivered)
 g - 14 poisoned needles
 t - 43 sling bullets
 u - 20 bolts
Armour
 b - a +0 leather armour
 h - a +0 plate armour (worn)
 w - a +1 pair of gloves
Jewellery
 m - an amulet of the acrobat (around neck)
Scrolls
 d - 2 scrolls of amnesia {unknown}
 f - 2 scrolls of remove curse
 j - 2 scrolls of identify
 k - 2 scrolls of magic mapping {unknown}
 l - 2 scrolls of fog {unknown}
 n - a scroll of random uselessness {unknown}
 o - 3 scrolls of teleportation {unknown}
 s - 2 scrolls of blinking {unknown}
 v - a scroll of fear {unknown}
Potions
 i - 2 potions of curing
 r - a potion of brilliance
Comestibles
 c - 8 rations
 q - 4 chunks of flesh


   Skills:
 + Level 7.2 Fighting
 - Level 2.4 Long Blades
 - Level 2.4 Armour
 - Level 1.1 Dodging
 - Level 1.7 Invocations


You had 4 spell levels left.
You didn't know any spells.
Your spell library contained the following spells:

 Spells                   Type           Power        Failure   Level  Hunger
 Animate Skeleton         Necr           N/A          100%        1    ##.....
 Apportation              Tloc           #.....       100%        1    ##.....
 Confusing Touch          Hex            #.....       100%        1    ##.....
 Summon Small Mammal      Summ           #...         100%        1    ##.....


Dungeon Overview and Level Annotations

Branches:
Dungeon (3/15)

Altars:


Innate Abilities, Weirdness & Mutations

You reflexively headbutt those who attack you in melee.
You have a pair of horns on your head.


Message History

The orc warrior is lightly wounded.
You closely miss the orc warrior.
The orc warrior is lightly wounded.
The orc warrior hits you with a +0 glaive!
* * * LOW HITPOINT WARNING * * *
A crimson imp comes into view.
Unknown command.
Okay, then.
Unknown command.
Okay, then.
The orc warrior completely misses you.
You open the door.
An orc comes into view. It is wielding a +0 hand axe.
The orc shouts!
You hear a shout!
There is an open door here.
A centaur comes into view.
The centaur shouts!
The centaur wields a +2 shortbow of velocity.
The centaur shoots an arrow.
The arrow hits you!
You die...

##+###+#
#......#
#......#
#..o...#
#...o..#
#.)###'#
###..##5@##+##
#......o.....#..
#...............
#.........#...#.
#........##.8.#
#.......## ..c#
######.## #..
#... #. ....#


You could see a centaur, a crimson imp and an orc.

Vanquished Creatures
  An orc wizard (D:3)
  5 adders
  An ooze (D:3)
  3 worms
  2 dart slugs (D:1)
  5 leopard geckos
  4 orcs
  7 bats
  4 giant cockroaches (D:1)
  5 goblins
  5 hobgoblins
  7 jackals
  6 kobolds
  2 quokkas
  6 frilled lizards
  7 rats
70 creatures vanquished.

Notes
Turn   | Place    | Note
-------+----------+-------------------------------------------
     0 | Abyss:1  | MisterFreud the Minotaur Abyssal Knight began the quest for
                  | the Orb.
     0 | Abyss:1  | Reached XP level 1. HP: 19/19 MP: 1/1
     4 | D:1      | Escaped the Abyss
    69 | D:1      | Reached skill level 4 in Fighting
   102 | D:1      | Reached XP level 2. HP: 17/28 MP: 2/2
   439 | D:1      | Reached skill level 5 in Fighting
   488 | D:1      | Reached ** piety under Lugonu
   557 | D:1      | Reached XP level 3. HP: 36/36 MP: 3/3
  1182 | D:2      | Reached skill level 6 in Fighting
  1182 | D:2      | Reached XP level 4. HP: 44/44 MP: 4/4
  1762 | D:3      | Reached XP level 5. HP: 45/51 MP: 5/5
  1775 | D:3      | Reached skill level 7 in Fighting
  2083 | D:3      | You fall through a shaft for 3 floors!
  2085 | D:6      | Noticed an orc warrior
  2109 | D:6      | Noticed a centaur
  2109 | D:6      | Shot with an arrow by a centaur

Vault maps used:
D:1:      eino_arrival_water_star
D:3:      minivault_19
D:6:      minmay_temple_entry_waves, uniq_grinder

Skill      XL: |  1  2  3  4  5 |
---------------+----------------+-----
Fighting       | 4 5 6 7 |  7.2
Long Blades    | |  2.4
Armour         | |  2.4
Dodging        | |  1.1
Invocations    | |  1.7

Action                   |  1- 3 |  4- 6 || total
-------------------------+-------+-------++-------
Melee: Falchion          |    99 |   108 ||   207
       Headbutt          |    12 |    14 ||    26
  Use: Scroll            |       |     2 ||     2
       Potion            |       |     2 ||     2
  Eat: Chunk             |     1 |     3 ||     4
Armor: Leather armour    |    11 |       ||    11
       Plate armour      |    49 |    66 ||   115
Dodge: Dodged            |    42 |    43 ||    85
       Rpst.: Falchion   |    14 |    13 ||    27

Table legend:
 A = Non-vault XP
 B = Vault XP
 C = Vault XP percentage of total XP
 D = Non-vault monster count
 E = Vault monster count
 F = Vault count percentage of total count
                 A         B        C        D         E       F
            +---------+---------+-------+---------+---------+-------
      Total |     242 |       0 |   0.0 |      70 |       0 |   0.0
            +---------+---------+-------+---------+---------+-------
        D:1 |      60 |       0 |   0.0 |      30 |       0 |   0.0
        D:2 |      78 |       0 |   0.0 |      17 |       0 |   0.0
        D:3 |     101 |       0 |   0.0 |      22 |       0 |   0.0
        D:6 |       3 |       0 |   0.0 |       1 |       0 |   0.0
            +---------+---------+-------+---------+---------+-------
